Map: Backwater LE

Players

llllllllllll

  • Race: Zerg Zerg
  • League: Diamond
  • Spawn Location: 11:00

Iceman - Winner!

  • Race: Zerg Zerg
  • League: Diamond
  • Spawn Location: 5:00

VOD

Have the link to the VOD?

Description

Time

  • Played on: March 9, 2018, 1:52 a.m.
  • Length: 21:10
Show
View Real Time Build Order
Export as new Build Order

llllllllllll Zerg 

Build Orders: Hatch First, Lurkers 

Get SALT Encoding   

  12  0:01  Drone  
  13  0:15  Overlord  
  13  0:17  Drone  
  14  0:34  Drone  
  14  0:35  Drone  
  16  0:37  Drone  
  17  0:48  Drone  
  18  0:57  Hatchery  
  17  1:01  Drone  
  17  1:03  Extractor  
  17  1:14  Spawning Pool  
  17  1:16  Drone  
  17  1:20  Drone  
  18  1:30  Drone  
  19  1:41  Overlord  
  19  2:00  Queen  
  21  2:01  Zergling x2  
  21  2:04  Zergling x2  
  21  2:08  Queen  
  23  2:15  Drone x2  
  27  2:25  Drone x2  
  29  2:39  Lair  
  29  2:41  Drone  
  29  2:42  Extractor  
  29  2:49  Queen  
  29  2:50  Drone  
  29  2:51  Drone x2  
  34  3:05  Drone  
  34  3:06  Drone  
  34  3:09  Overlord x2  
  36  3:18  Evolution Chamber  
  35  3:20  Evolution Chamber  
  35  3:21  Roach Warren  
  33  3:32  Evolution Chamber  
  32  3:39  Evolution Chamber  
  32  3:45  Drone x4  
  32  3:46  Drone x2  
  38  3:50  Zerg Missile Weapons Level 1  
  38  3:51  Zerg Ground Armor Level 1  
  38  3:56  Drone x2  
  38  4:02  Drone  
  41  4:05  Extractor  
  41  4:10  Drone x3  
  43  4:26  Drone x2  
  43  4:27  Drone  
  43  4:28  Drone x2  
  43  4:31  Glial Reconstitution  
  48  4:33  Overlord  
  48  4:45  Drone  
  48  4:46  Roach  
  48  4:49  Overlord x3  
  50  4:54  Drone  
  50  4:55  Roach x2  
  55  5:02  Roach  
  57  5:07  Roach x2  
  61  5:16  Overlord x2  
  61  5:17  Roach x3  
  61  5:18  Roach  
  69  5:23  Extractor, Roach x2  
  69  5:28  Overseer  
  72  5:35  Roach x2  
  76  5:41  Drone  
  76  5:42  Hydralisk Den  
  76  5:44  Hatchery, Roach  
  77  5:54  Zerg Missile Weapons Level 2  
  77  6:01  Zerg Ground Armor Level 2  
  77  6:03  Drone  
  77  6:04  Drone x2  
  80  6:05  Drone  
  81  6:11  Drone  
  81  6:12  Spore Crawler  
  81  6:13  Drone, Spore Crawler  
  81  6:18  Spore Crawler  
  74  6:28  Roach  
  74  6:29  Roach x4  
  66  6:50  Roach  
  66  6:51  Roach x7  
  78  7:01  Ravager  
  79  7:11  Roach x5  
  79  7:13  Overlord x2  
  89  7:22  Lurker Den  
  88  7:23  Spore Crawler  
  88  7:29  Roach  
  89  7:31  Overlord x3  
  89  7:38  Overseer  
  89  7:48  Roach  
  89  7:49  Roach x6  
  103  7:51  Overseer  
  103  7:52  Overseer  
  103  8:03  Hydralisk x3  
  109  8:06  Hydralisk  
  111  8:22  Drone  
  111  8:23  Drone x7  
  111  8:24  Drone  
  120  8:37  Drone x3  
  120  8:38  Drone, Overlord x2  
  112  8:52  Overlord x2  
  110  8:56  Lurker  
  110  8:57  Lurker x2  
  110  8:59  Lurker  
  110  9:02  Ravager  
  115  9:04  Ravager, Roach  
  115  9:05  Roach x5  
  128  9:11  Extractor  
  128  9:12  Extractor  
  128  9:16  Roach x4  
  108  9:46  Roach  
  108  9:47  Roach x13  
  105  10:00  Hydralisk x3  
  111  10:09  Drone x3  
  111  10:10  Drone x2  
  116  10:25  Infestation Pit  
  116  10:26  Hatchery  
  114  10:33  Overseer  
  110  10:52  Lurker x2  
  110  10:53  Hydralisk x4, Lurker  
  110  10:55  Roach  
  110  10:56  Roach x4  
  131  11:01  Drone  
  131  11:02  Drone x2  
  134  11:05  Extractor  
  134  11:08  Ravager, Extractor  
  134  11:10  Ravager  
  134  11:17  Hive  
  134  11:20  Overseer  
  134  11:26  Drone x3  
  134  11:28  Overlord x4  
  134  11:29  Overlord  
  137  11:41  Drone  
  137  11:42  Drone x3  
  137  11:43  Drone x2  
  137  11:45  Overlord x3  
  143  11:50  Lurker  
  143  11:51  Lurker x3  
  143  11:53  Roach x3  
  155  11:54  Roach  
  155  12:02  Drone x2  
  157  12:12  Ravager  
  158  12:25  Roach x6  
  158  12:26  Roach x7  
  158  12:27  Overlord, Roach x3  
  190  12:31  Adaptive Talons  
  189  12:43  Zerg Missile Weapons Level 3  
  189  12:44  Spine Crawler  
  189  12:45  Spine Crawler  
  189  12:50  Zerg Ground Armor Level 3  
  184  13:06  Hydralisk  
  184  13:07  Hydralisk x5  
  184  13:10  Grooved Spines  
  196  13:21  Overlord x2  
  196  13:26  Queen  
  198  13:27  Drone  
  199  13:42  Evolution Chamber x2  
  199  13:44  Evolution Chamber x2  
  195  13:48  Evolution Chamber  
  194  14:09  Viper x5  
  199  14:33  Spire  
  199  14:37  Overseer x3  
  198  14:48  Lurker  
  199  15:10  Overlord  
  199  15:16  Overseer  
  196  15:35  Hatchery  
  185  15:57  Hydralisk  
  185  15:58  Hydralisk x7  
  199  16:29  Hydralisk  
  199  16:30  Hydralisk x2  
  200  16:33  Muscular Augments  
  180  17:15  Hydralisk x8  
  157  17:16  Hydralisk x15  
  171  17:28  Greater Spire  
  171  17:29  Hydralisk  
  166  17:30  Hydralisk x12  
  166  17:34  Overlord x3  
  190  17:51  Overlord  
  190  17:52  Overlord x3  
  190  18:04  Hatchery  
  185  18:08  Extractor  
  185  18:09  Extractor  
  127  18:21  Hydralisk  
  127  18:22  Hydralisk x21  
  157  18:30  Overseer x2  
  157  18:31  Overseer  
  129  18:41  Roach  
  129  18:42  Roach x4  
  137  18:58  Lurker x5  
  137  18:59  Lurker x3  
  137  19:00  Drone  
  137  19:01  Drone  
  141  19:12  Corruptor x2  
  145  19:31  Roach x5  
  145  19:32  Roach x2  
  153  19:43  Hydralisk x4  
  161  19:59  Pneumatized Carapace  
  161  20:05  Hydralisk x6  
  161  20:06  Hydralisk  
  175  20:11  Brood Lord  
Show
View Real Time Build Order
Export as new Build Order

Iceman Zerg - Winner!

Build Orders: Hatch First, Lurkers 

Get SALT Encoding   

  12  0:01  Drone  
  13  0:12  Overlord  
  13  0:17  Drone  
  14  0:30  Drone  
  14  0:33  Drone  
  14  0:35  Drone  
  17  0:54  Hatchery  
  17  0:56  Drone  
  17  0:59  Drone  
  18  1:11  Extractor  
  17  1:16  Spawning Pool  
  16  1:19  Drone  
  16  1:22  Drone  
  18  1:28  Drone  
  19  1:38  Overlord  
  19  2:04  Zergling x4  
  19  2:05  Queen x2  
  25  2:08  Drone  
  25  2:10  Drone  
  27  2:16  Drone  
  27  2:22  Drone  
  29  2:23  Metabolic Boost  
  29  2:31  Drone  
  30  2:45  Hatchery  
  30  2:50  Queen  
  31  2:52  Drone  
  31  2:55  Zergling x2  
  31  2:57  Drone  
  34  3:00  Drone  
  34  3:05  Drone  
  36  3:07  Overlord  
  36  3:25  Overlord  
  36  3:33  Drone x3  
  36  3:34  Drone x5  
  44  3:36  Lair  
  44  3:47  Drone  
  44  3:48  Drone  
  46  3:49  Extractor  
  46  3:51  Drone, Extractor  
  46  3:55  Drone  
  46  3:57  Drone  
  46  4:01  Extractor  
  46  4:02  Drone x3  
  49  4:03  Drone  
  50  4:12  Drone  
  50  4:13  Drone  
  50  4:14  Drone  
  50  4:16  Hatchery  
  52  4:39  Spire  
  52  4:41  Drone  
  52  4:42  Drone x6  
  58  4:50  Hydralisk Den  
  58  4:52  Overlord  
  58  4:56  Evolution Chamber  
  57  5:05  Zergling x2, Overlord x2  
  58  5:07  Extractor  
  58  5:08  Overlord x2  
  58  5:10  Extractor  
  56  5:14  Zergling x8  
  56  5:15  Zergling x4  
  56  5:16  Zergling x2  
  56  5:18  Zergling x2  
  64  5:26  Grooved Spines  
  64  5:27  Hydralisk x2  
  68  5:31  Hydralisk  
  68  5:32  Hydralisk  
  68  5:34  Drone  
  73  5:36  Drone  
  73  5:37  Drone  
  73  5:39  Drone  
  73  5:41  Drone  
  77  5:44  Zerg Missile Weapons Level 1  
  77  5:48  Drone  
  77  5:49  Drone, Evolution Chamber  
  78  5:51  Drone  
  78  5:53  Hydralisk  
  78  5:57  Hydralisk  
  81  5:59  Hydralisk  
  81  6:02  Zergling x2  
  86  6:04  Hydralisk  
  86  6:06  Zergling x2  
  88  6:16  Hydralisk x4  
  88  6:18  Zergling x2  
  88  6:20  Zergling x4  
  87  6:26  Zergling x8  
  86  6:37  Muscular Augments  
  82  6:40  Zergling x12  
  82  6:44  Unknown x2  
  82  6:45  Drone x4  
  89  6:49  Drone x3  
  92  6:56  Drone x3  
  92  6:57  Drone  
  95  7:05  Drone x3  
  95  7:07  Queen x2, Zergling x2  
  103  7:15  Overlord  
  103  7:17  Overlord x2  
  103  7:24  Overlord x2  
  103  7:26  Zerg Ground Armor Level 1  
  103  7:33  Queen, Overlord  
  105  7:37  Lurker Den  
  105  7:40  Zergling x12  
  110  7:48  Zergling x6  
  110  7:50  Zergling x2  
  114  7:54  Hatchery  
  114  7:56  Zergling x2  
  114  7:57  Hydralisk  
  116  7:59  Hydralisk  
  116  8:00  Hydralisk  
  120  8:06  Hydralisk  
  120  8:09  Hydralisk x2  
  120  8:10  Hydralisk  
  128  8:16  Hydralisk  
  130  8:23  Hydralisk x2, Zerg Missile Weapons Level 2  
  130  8:24  Hydralisk  
  136  8:28  Hydralisk  
  136  8:31  Hydralisk x4  
  136  8:32  Hydralisk  
  148  8:34  Hydralisk  
  146  8:47  Hydralisk x4  
  138  8:52  Zergling x6  
  138  8:55  Zergling x6  
  136  8:59  Hydralisk x3  
  143  9:02  Zergling x4  
  143  9:05  Drone x2  
  143  9:06  Lurker  
  143  9:07  Lurker  
  143  9:08  Overseer  
  147  9:10  Lurker  
  147  9:11  Lurker  
  147  9:12  Lurker  
  147  9:15  Drone x2  
  147  9:16  Drone  
  153  9:17  Drone  
  153  9:18  Drone  
  153  9:20  Drone  
  153  9:21  Drone  
  114  9:53  Hydralisk x9  
  114  9:54  Hydralisk x6  
  128  10:02  Hydralisk x2  
  128  10:03  Lurker  
  128  10:04  Lurker x2  
  128  10:05  Drone  
  128  10:06  Drone x4  
  140  10:08  Extractor  
  139  10:14  Zerg Ground Armor Level 2  
  139  10:19  Drone x5  
  139  10:20  Unknown x3  
  144  10:28  Drone x5  
  149  10:33  Overseer x2, Extractor  
  140  10:47  Lurker  
  140  10:48  Lurker x4  
  145  10:50  Zergling x10  
  145  10:52  Overlord x4  
  150  11:07  Infestation Pit  
  149  11:11  Hatchery  
  149  11:16  Hydralisk x10  
  168  11:18  Zergling x6  
  168  11:22  Spine Crawler, Spore Crawler  
  168  11:23  Spine Crawler  
  168  11:25  Hydralisk x3  
  168  11:27  Hydralisk  
  168  11:28  Hydralisk  
  168  11:29  Overlord  
  178  11:36  Spine Crawler  
  178  11:37  Overlord  
  177  11:45  Hive  
  177  11:46  Overlord  
  177  11:47  Spire  
  176  11:49  Overlord  
  176  11:50  Overlord  
  176  11:51  Overlord  
  176  12:18  Lurker  
  176  12:19  Lurker  
  178  12:25  Lurker x2  
  178  12:26  Overlord  
  178  12:29  Overlord  
  180  12:30  Overlord  
  180  12:36  Spore Crawler  
  179  12:38  Spine Crawler  
  179  12:42  Spine Crawler  
  177  12:53  Zerg Melee Weapons Level 1  
  177  12:58  Viper  
  177  12:59  Viper x3, Ultralisk Cavern  
  177  13:02  Zergling x24  
  200  13:27  Spine Crawler, Spore Crawler  
  200  13:29  Overseer, Extractor  
  200  13:30  Extractor  
  200  13:31  Unknown  
  196  13:41  Greater Spire, Corruptor x2  
  200  13:56  Spine Crawler  
  199  14:23  Chitinous Plating  
  199  15:32  Lurker  
  194  15:56  Corruptor x6  
  189  16:15  Corruptor x5  
  196  16:32  Viper x2  
  190  16:33  Corruptor x2  
  151  17:16  Corruptor x5  
  151  17:20  Ultralisk x4  
  151  17:21  Ultralisk x3  
  157  17:35  Hydralisk  
  157  17:36  Ultralisk x3  
  157  17:37  Ultralisk x2  
  175  17:53  Overseer  
  175  17:58  Zerg Melee Weapons Level 2, Zerg Ground Armor Level 3  
  173  18:12  Hydralisk  
  153  18:13  Ultralisk x5  
  153  18:14  Ultralisk x3  
  195  18:20  Corruptor x2  
  195  18:21  Corruptor x3  
  187  18:31  Overlord x3  
  157  18:39  Overseer  
  157  18:42  Corruptor x4  
  157  18:43  Corruptor  
  165  18:49  Corruptor  
  165  18:53  Zergling x22  
  177  18:59  Drone x2  
  177  19:00  Drone x3  
  179  19:17  Hatchery  
  178  19:36  Brood Lord x5  
  178  19:38  Zergling x24  
  194  19:43  Overlord  
  194  20:02  Corruptor  
  194  20:03  Corruptor x2  
  200  20:12  Hatchery  
  145  20:45  Hydralisk  
  145  20:47  Zergling x2  
  145  20:48  Zergling x24  
Tags
 
Add a new tag
Caveats
  • Supply blocks, unpowered buildings, or Contaminate may cause inaccurate times.
  • Supply counts are checked every 10 seconds.